[Event "Titled Tuesday Blitz November 16 2021"]
[White "Tarigan, Gilbert Elroy"]
[Black "Zierk, Steven"]
[WhiteFideId "7108133"]
[BlackFideId "2034255"]
[WhiteElo "1908"]
[BlackElo "2494"]
[Result "1/2-1/2"]
[Round "04"]
[TimeControl "180+1"]
[Date "2021.11.16"]
[WhiteClock "0:00:06"]
[BlackClock "0:00:12"]

1. c4 e5 2. Nc3 Nf6 3. Nf3 Nc6 4. g3 d5 5. cxd5 Nxd5 6. Bg2 Nb6 7. O-O Be7 8. d3 O-O 9. Rb1 a5 10. Be3 Be6 11. a3 f6 12. Ne4 Nd5 13. Bc5 b6 14. Bxe7 Qxe7 15. Rc1 Nd4 16. Nxd4 exd4 17. Nd2 c5 18. Nc4 Rab8 19. Re1 Rfe8 20. e3 dxe3 21. Nxe3 Nxe3 22. Rxe3 Qd6 23. d4 cxd4 24. Rc6 Qd7 25. Rexe6 Rxe6 26. Qb3 Re8 27. Bd5 Kf7 28. Rxb6 a4 29. Qc4 Re7 30. Rxe6 Rxe6 31. Bxe6+ Qxe6 32. Qxd4 Qb3 33. Kg2 g5 34. Qd7+ Kg6 35. Qd4 h5 36. h3 Qb7+ 37. Kh2 Qb3 38. Kg1 Qc2 39. Qc3 Qd1+ 40. Kg2 g4 41. h4 Qd5+ 42. Kg1 Qd1+ 43. Kg2 Qd5+ 44. Kh2 Qb5 45. Qc2+ Kf7 46. Qd2 Ke6 47. Kg2 Qb7+ 48. Kg1 Qb5 49. Qe3+ Kf7 50. Qd4 Ke6 51. Qe4+ Kf7 52. Qd4 Ke6 53. Qe4+ Kf7 54. Qh7+ Ke6 55. Qe4+ 1/2-1/2


[Site "https://www.chess.com"]

[Event "Titled Tuesday Blitz November 16 2021"]
[White "Terry, Renato"]
[Black "Antipov, Mikhail Al."]
[WhiteFideId "3803457"]
[BlackFideId "4107012"]
[WhiteElo "2577"]
[BlackElo "2587"]
[Result "0-1"]
[Round "04"]
[TimeControl "180+1"]
[Date "2021.11.16"]
[WhiteClock "0:00:04"]
[BlackClock "0:00:06"]

1. d4 Nf6 2. Bg5 c6 3. Nc3 d5 4. e3 Qb6 5. Rb1 Bf5 6. Bd3 Bxd3 7. Qxd3 Nbd7 8. Nf3 e6 9. O-O Bb4 10. h3 Qa5 11. Nd2 O-O 12. Nb3 Qc7 13. Bf4 Qd8 14. Ne2 Re8 15. c4 a5 16. a3 Bf8 17. Rfd1 Nb6 18. Nd2 a4 19. Rbc1 Ra5 20. Be5 Nfd7 21. Bg3 Qa8 22. Rc2 Qa6 23. Rdc1 e5 24. Bxe5 Nxe5 25. dxe5 Rxe5 26. Qd4 Re8 27. Ng3 g6 28. Qg4 dxc4 29. Nxc4 Nxc4 30. Rxc4 Qb5 31. R1c2 Raa8 32. Ne4 Qe5 33. Qh4 Be7 34. Qh6 Red8 35. Nc3 Bg5 36. Re4 Qxe4 37. Qxh7+ Kxh7 38. Nxe4 Be7 39. g4 Kg7 40. Kg2 Rd3 41. Kf3 Rad8 42. Ke2 Rb3 43. Nd2 Rb5 44. Ne4 Rd7 45. Nc3 Rc5 46. Rd2 Rxd2+ 47. Kxd2 Rc4 48. Kd3 b5 49. Ne4 Bf6 50. Nd2 Bxb2 51. Nxc4 bxc4+ 52. Kxc4 Bxa3 53. f4 Be7 54. e4 a3 55. Kb3 g5 56. fxg5 Bxg5 57. Kxa3 Kf6 58. Kb4 Ke5 59. Kc5 Kxe4 60. Kxc6 Kf4 61. Kd7 Kg3 62. Ke8 f6 63. h4 Kxh4 0-1


[Site "https://www.chess.com"]

[Event "Titled Tuesday Blitz November 16 2021"]
[White "Xiong, Jeffery"]
[Black "Sorokin, Aleksey"]
[WhiteFideId "2047640"]
[BlackFideId "24176460"]
[WhiteElo "2699"]
[BlackElo "2476"]
[Result "1-0"]
[Round "04"]
[TimeControl "180+1"]
[Date "2021.11.16"]
[WhiteClock "0:00:22"]
[BlackClock "0:00:03"]

1. d4 Nf6 2. Nf3 g6 3. Nbd2 d5 4. b3 Bg7 5. Bb2 O-O 6. e3 Nbd7 7. Be2 c5 8. O-O cxd4 9. Bxd4 Re8 10. c4 e5 11. Bb2 Qa5 12. cxd5 Nxd5 13. Nc4 Qc5 14. Rc1 N7f6 15. Ncxe5 Qe7 16. Bc4 Be6 17. Ng5 Rad8 18. Qf3 Ng4 19. Nxe6 Nxe5 20. Bxe5 fxe6 21. Bxg7 Kxg7 22. Rfd1 Rf8 23. Qe4 Qf6 24. Qd4 e5 25. Qb2 Nb6 26. Rxd8 Rxd8 27. Be2 Rd7 28. Bf3 Re7 29. Be4 Qd6 30. h4 Qf6 31. g3 g5 32. hxg5 Qxg5 33. Kg2 h5 34. Rh1 Nd7 35. Bxb7 Nf6 36. Bf3 Qf5 37. Rh4 Rf7 38. Qe2 Kg6 39. Qc4 Re7 40. Be4 Nxe4 41. Qxe4 Qxe4+ 42. Rxe4 Kf5 43. Rh4 Kg5 44. Ra4 Rc7 45. Ra5 Kf6 46. e4 Rd7 47. Kf3 Rc7 48. Ke2 Rc2+ 49. Ke3 Rc3+ 50. Kd2 Rc7 51. Ra6+ Kg5 52. Re6 Kg4 53. Rxe5 Kf3 54. Rf5+ Kxe4 55. Rxh5 Rd7+ 56. Kc2 Rc7+ 57. Kb2 Rd7 58. Rh4+ Kd3 59. Rf4 Re7 60. b4 Rc7 61. Kb3 Rc3+ 62. Ka4 Kc2 63. g4 Kb2 64. g5 Ra3+ 65. Kb5 Rxa2 66. g6 Ra1 67. Rg4 Rd1 68. g7 Rd8 69. g8=Q 1-0


[Site "https://www.chess.com"]

[Event "Titled Tuesday Blitz November 16 2021"]
[White "Yeletsky, Ivan"]
[Black "Krzywda, Andrzej"]
[WhiteFideId "24180327"]
[BlackFideId "1114565"]
[WhiteElo "2352"]
[BlackElo "2139"]
[Result "1-0"]
[Round "04"]
[TimeControl "180+1"]
[Date "2021.11.16"]
[WhiteClock "0:01:51"]
[BlackClock "0:00:14"]

1. c4 e6 2. g3 Nf6 3. Bg2 d5 4. b3 d4 5. Nf3 Nc6 6. O-O Be7 7. e3 O-O 8. exd4 Nxd4 9. Nxd4 Qxd4 10. Nc3 e5 11. Bb2 Qd8 12. Qc2 Be6 13. Bxb7 Rb8 14. Bg2 Qd7 15. Rfe1 Rfd8 16. Rxe5 Qxd2 17. Qxd2 Rxd2 18. Re2 Rxe2 19. Nxe2 Bxc4 20. Nd4 Bd5 21. Rc1 Bxg2 22. Kxg2 Nd5 23. Nc6 Re8 24. Rd1 Nf6 25. Nxe7+ Rxe7 26. Rd8+ Ne8 27. Ra8 c6 28. Ba3 Re6 29. Rxa7 f6 30. Bc5 Nd6 31. a4 Ne4 32. Be3 Nc3 33. a5 Nd5 34. Bc5 Re2 35. a6 Ra2 36. Ra8+ Kf7 37. a7 Kg6 38. Re8 Nc7 39. Rc8 Ne6 40. Be3 c5 41. a8=Q 1-0


[Site "https://www.chess.com"]

[Event "Titled Tuesday Blitz November 16 2021"]
[White "Yeremyan, Alen"]
[Black "Zubov, Alexander"]
[WhiteFideId "13308998"]
[BlackFideId "14109409"]
[WhiteElo "2158"]
[BlackElo "2685"]
[Result "0-1"]
[Round "04"]
[TimeControl "180+1"]
[Date "2021.11.16"]
[WhiteClock "0:01:33"]
[BlackClock "0:00:43"]

1. e4 c5 2. Nc3 e6 3. d4 cxd4 4. Qxd4 Nc6 5. Qd2 Nf6 6. a3 d5 7. exd5 exd5 8. Bd3 Bd6 9. Nge2 O-O 10. b3 d4 11. Nb5 Be5 12. Bb2 Qb6 13. f4 Bb8 14. Nbxd4 Nd5 15. Nxc6 bxc6 16. O-O-O Bg4 17. Rde1 Rd8 18. Nc3 Bxf4 19. Nxd5 Bxd2+ 20. Kxd2 Rxd5 21. Rhf1 Bf5 0-1


[Site "https://www.chess.com"]

[Event "Titled Tuesday Blitz November 16 2021"]
[White "Yoo, Christopher Woojin"]
[Black "Erdogdu, Mert"]
[WhiteFideId "30909694"]
[BlackFideId "6301495"]
[WhiteElo "2105"]
[BlackElo "2485"]
[Result "1-0"]
[Round "04"]
[TimeControl "180+1"]
[Date "2021.11.16"]
[WhiteClock "0:00:46"]
[BlackClock "0:00:13"]

1. e4 c5 2. Nf3 d6 3. d4 cxd4 4. Nxd4 Nf6 5. Nc3 a6 6. h4 e5 7. Nf5 d5 8. Qf3 dxe4 9. Nxe4 Nxe4 10. Qxe4 Nc6 11. Bc4 Qf6 12. Ne3 Bc5 13. O-O O-O 14. Nd5 Qg6 15. Qxg6 hxg6 16. Be3 Bxe3 17. Nxe3 Bd7 18. Rad1 Rfd8 19. Rd6 Be8 20. Rxg6 b5 21. Bb3 Nd4 22. Rb6 a5 23. Rd1 a4 24. Bd5 Rac8 25. c3 Ne2+ 26. Kf1 Nf4 27. Bf3 Rxd1+ 28. Bxd1 a3 29. bxa3 Rxc3 30. g3 Ne6 31. Rb8 Kf8 32. a4 b4 33. Rxb4 Nd4 34. Rb2 Rc1 35. Ke1 Bxa4 36. Kd2 1-0


[Site "https://www.chess.com"]

[Event "Titled Tuesday Blitz November 16 2021"]
[White "vizumatv4hoda"]
[Black "Perez Ponsa, Federico"]
[BlackFideId "117927"]
[WhiteElo "2757"]
[BlackElo "2672"]
[Result "1-0"]
[Round "04"]
[TimeControl "180+1"]
[Date "2021.11.16"]
[WhiteClock "0:00:08"]
[BlackClock "0:00:08"]

1. e4 c5 2. c3 Nf6 3. e5 Nd5 4. d4 cxd4 5. Nf3 d6 6. cxd4 Nc6 7. Bc4 dxe5 8. Bxd5 Qxd5 9. Nc3 Qd6 10. d5 Nd4 11. Nxd4 exd4 12. Qxd4 e5 13. Qe4 Bd7 14. O-O f5 15. Qe2 Be7 16. Re1 e4 17. f3 exf3 18. gxf3 Kf7 19. Bf4 Qg6+ 20. Kh1 Rhe8 21. Rg1 Qh5 22. Rae1 Bd6 23. Qg2 Bf8 24. Ne2 Rac8 25. Bd6 Qh6 26. Bxf8 Kxf8 27. Nd4 Qf6 28. Qf2 g6 29. Qd2 Qd6 30. Ne2 Re7 31. Nf4 Rce8 32. Qd4 Kf7 33. Rxe7+ Rxe7 34. Nh3 Qe5 35. Ng5+ Kg7 36. Qh4 Kg8 37. Ne6 Qd6 38. Nf4 Rf7 39. Qg5 Qf6 40. Qg3 Kf8 41. h4 Re7 42. Rc1 Kg7 43. Nh5+ Kf7 44. Nxf6 Kxf6 45. Qg5+ 1-0


[Site "https://www.chess.com"]

[Event "Titled Tuesday Blitz November 16 2021"]
[White "Alavi, Sayed Javad"]
[Black "Ahmadzada, Ahmad"]
[WhiteFideId "12500607"]
[BlackFideId "13413007"]
[WhiteElo "2495"]
[BlackElo "2226"]
[Result "1/2-1/2"]
[Round "05"]
[TimeControl "180+1"]
[Date "2021.11.16"]
[WhiteClock "0:00:05"]
[BlackClock "0:00:05"]

1. d4 Nf6 2. c4 e6 3. Nc3 Nc6 4. Nf3 Bb4 5. Bd2 O-O 6. a3 Bxc3 7. Bxc3 Ne4 8. Rc1 d6 9. g3 Nxc3 10. Rxc3 e5 11. Bg2 f5 12. dxe5 dxe5 13. Qd5+ Kh8 14. O-O e4 15. Qxd8 Rxd8 16. Ng5 Kg8 17. f3 h6 18. Nh3 exf3 19. Bxf3 Nd4 20. Nf4 g5 21. Nd5 c6 22. Nc7 Rb8 23. Bh5 Ne6 24. Nxe6 Bxe6 25. b3 Kg7 26. Re3 Kf6 27. Bg4 Rd4 28. Bxf5 Bxf5 29. Ref3 Rd7 30. Rxf5+ Kg7 31. e4 Re8 32. e5 Rde7 33. g4 Rd8 34. e6 Rxe6 35. Rf7+ Kg6 36. Rxb7 Rd2 37. Rf2 Rd4 38. h3 Rd3 39. Kg2 Ree3 40. Rbf7 Rg3+ 41. Kf1 Rd6 42. c5 Re6 43. Rf8 Rxh3 44. Rg8+ Kh7 45. Rff8 Rhe3 46. Rh8+ Kg7 47. Rhg8+ Kh7 48. Rh8+ Kg7 49. Rhg8+ Kh7 1/2-1/2


[Site "https://www.chess.com"]

[Event "Titled Tuesday Blitz November 16 2021"]
[White "Alavkin, Arseny"]
[Black "Gurel, Ediz"]
[WhiteFideId "4120612"]
[BlackFideId "44507356"]
[WhiteElo "2391"]
[BlackElo "1726"]
[Result "1-0"]
[Round "05"]
[TimeControl "180+1"]
[Date "2021.11.16"]
[WhiteClock "0:01:07"]
[BlackClock "0:00:01"]

1. c4 e5 2. Nc3 Nc6 3. g3 g6 4. Bg2 Bg7 5. e3 Nge7 6. Nge2 O-O 7. O-O d6 8. Rb1 Bf5 9. d3 Qd7 10. Nd5 Nxd5 11. cxd5 Ne7 12. e4 Bh3 13. Be3 Bxg2 14. Kxg2 f6 15. Qb3 f5 16. f3 b6 17. Rbc1 h6 18. Rc2 Kh7 19. Qc4 Rac8 20. Rfc1 c5 21. dxc6 Rxc6 22. Qa4 Rfc8 23. Rxc6 Rxc6 24. Rxc6 Nxc6 25. Nc3 Qb7 26. Nd5 b5 27. Qa3 Bf8 28. Nf6+ Kg7 29. Nd5 a5 30. Qc3 Qa6 31. Nc7 Qb7 32. Ne6+ Kg8 33. Nxf8 Kxf8 34. Bxh6+ Kg8 35. Be3 Kh7 36. Qb3 b4 37. exf5 gxf5 38. Qe6 Qe7 39. Qxf5+ Kg7 40. h4 Qf7 41. Bh6+ Kg8 42. Qc8+ Kh7 43. Qxc6 Kxh6 44. Qxd6+ Kh7 45. b3 a4 46. Qxb4 axb3 47. axb3 Qc7 48. Qc4 Qa7 49. Qe4+ Kh8 50. Qxe5+ Kg8 51. Qg5+ Kh8 52. h5 Qa2+ 53. Kh3 Qxb3 54. Qf5 Qb7 55. h6 Qf7 56. Qe5+ Kh7 57. Qg7+ 1-0


[Site "https://www.chess.com"]

[Event "Titled Tuesday Blitz November 16 2021"]
[White "Antipov, Mikhail Al."]
[Black "Svidler, Peter"]
[WhiteFideId "4107012"]
[BlackFideId "4102142"]
[WhiteElo "2587"]
[BlackElo "2709"]
[Result "1/2-1/2"]
[Round "05"]
[TimeControl "180+1"]
[Date "2021.11.16"]
[WhiteClock "0:00:09"]
[BlackClock "0:00:37"]

1. e4 c5 2. Nf3 d6 3. d4 cxd4 4. Nxd4 Nf6 5. f3 e5 6. Nb3 d5 7. Bg5 Be6 8. Bxf6 gxf6 9. exd5 Qxd5 10. Qxd5 Bxd5 11. Nc3 Be6 12. O-O-O Nd7 13. Bb5 O-O-O 14. Nd5 f5 15. Rhe1 Rg8 16. g3 Rg6 17. a4 Nc5 18. Nxc5 Bxc5 19. Rxe5 Bd6 20. Re3 Rh6 21. h4 f4 22. Nxf4 Bxf4 23. Rxd8+ Kxd8 24. gxf4 Rxh4 25. Bd3 Rxf4 26. Bxh7 Rxa4 27. Be4 b6 28. Rd3+ Ke7 29. b3 Ra5 30. Kb2 f5 31. Bc6 Rc5 32. Bb7 a5 33. f4 Rc7 34. Bf3 Rd7 35. Rxd7+ Kxd7 36. c3 Kd6 37. b4 axb4 38. cxb4 Bd7 39. Kc3 Be6 40. Kd4 Bd7 41. Be2 Be6 42. Bd3 Bd7 43. Ba6 Be6 44. Bb7 Bd7 45. Bd5 Bc8 46. Bc4 Bd7 47. Bd3 1/2-1/2


[Site "https://www.chess.com"]

[Event "Titled Tuesday Blitz November 16 2021"]
[White "Atakishiyev, Elmar"]
[Black "Bortnyk, Olexandr"]
[WhiteFideId "13410547"]
[BlackFideId "14120828"]
[WhiteElo "2088"]
[BlackElo "2723"]
[Result "0-1"]
[Round "05"]
[TimeControl "180+1"]
[Date "2021.11.16"]
[WhiteClock "0:00:01"]
[BlackClock "0:00:04"]

1. e4 Nf6 2. e5 Nd5 3. d4 d6 4. Nf3 dxe5 5. Nxe5 c6 6. Bc4 Nd7 7. O-O Nxe5 8. dxe5 Bf5 9. Qe2 e6 10. Rd1 Qh4 11. Bxd5 exd5 12. c3 Bc5 13. Nd2 O-O 14. Nf3 Qh5 15. Be3 Be7 16. Nd4 Bg4 17. f3 Bd7 18. Bf2 Rae8 19. Re1 a6 20. f4 Bg4 21. Qd2 Qg6 22. b4 Rc8 23. Nb3 Bf5 24. Bc5 Rfe8 25. Nd4 Be4 26. Re3 Bh4 27. Rf1 f5 28. Rh3 Qg4 29. Nf3 Bd8 30. Rg3 Qh5 31. Ng5 Bxg5 32. Rxg5 Qf7 33. a4 Re6 34. a5 Rce8 35. Qe3 Rh6 36. Re1 Ree6 37. Bd6 Reg6 38. Rxg6 Rxg6 39. Re2 h6 40. h3 Kh7 41. Kh2 Qe6 42. Rf2 Qe8 43. Qb6 d4 44. Qxd4 Qf7 45. c4 Bb1 46. Qc5 Bd3 47. Rd2 Bxc4 48. Bb8 Bd5 49. Bd6 Be4 50. Qe3 Qc4 51. h4 Qf1 52. Qh3 h5 0-1


[Site "https://www.chess.com"]

[Event "Titled Tuesday Blitz November 16 2021"]
[White "Babazada, Khazar"]
[Black "Shyaamnikhil P"]
[WhiteFideId "13413554"]
[BlackFideId "5024218"]
[WhiteElo "2302"]
[BlackElo "2300"]
[Result "1-0"]
[Round "05"]
[TimeControl "180+1"]
[Date "2021.11.16"]
[WhiteClock "0:00:07"]
[BlackClock "0:00:05"]

1. e4 c5 2. Nf3 Nc6 3. d4 cxd4 4. Nxd4 e5 5. Nb5 a6 6. Nd6+ Bxd6 7. Qxd6 Qe7 8. Qd2 Nf6 9. f3 d6 10. c4 Be6 11. Nc3 Nd4 12. b3 O-O 13. Bb2 b5 14. cxb5 axb5 15. Nxb5 Nxb5 16. Bxb5 d5 17. exd5 Nxd5 18. Bc4 Qc5 19. Rc1 Rxa2 20. b4 Qa7 21. Bxa2 Qxa2 22. O-O f6 23. Kh1 Rb8 24. Bc3 Qxd2 25. Bxd2 Nxb4 26. Bxb4 Rxb4 27. Rfd1 Rc4 28. Rxc4 Bxc4 29. Kg1 h5 30. Kf2 Kh7 31. h4 Kh6 32. Rd8 g5 33. Rd6 Kg6 34. hxg5 Kxg5 35. g3 Bf7 36. Ke3 Kf5 37. Ra6 Bc4 38. Rb6 Bd5 39. Rb4 Bf7 40. Kf2 Bd5 41. Ra4 Be6 42. Ra5 Kg5 43. Kg2 Bc4 44. Rc5 Bd3 45. Rc8 Kf5 46. Kh3 Be2 47. Rc3 e4 48. Rc5+ Ke6 49. fxe4 Bf3 50. Kh4 Bxe4 51. Kxh5 Bd3 52. Ra5 Kf7 53. g4 Bc2 54. Ra7+ Kf8 55. Rc7 Bb1 56. Kh6 Kg8 57. Re7 Kf8 58. Re3 Bc2 59. Re2 Bb1 60. Rf2 Ke7 61. Kg7 1-0


[Site "https://www.chess.com"]

[Event "Titled Tuesday Blitz November 16 2021"]
[White "Bernadskiy, Vitaliy"]
[Black "Gurevich, Dmitry"]
[WhiteFideId "14100371"]
[BlackFideId "2000407"]
[WhiteElo "2510"]
[BlackElo "2506"]
[Result "1-0"]
[Round "05"]
[TimeControl "180+1"]
[Date "2021.11.16"]
[WhiteClock "0:00:18"]
[BlackClock "0:00:07"]

1. e4 c5 2. Nf3 d6 3. Bb5+ Bd7 4. Bxd7+ Qxd7 5. c4 Nc6 6. Nc3 Nf6 7. d4 cxd4 8. Nxd4 e6 9. O-O Be7 10. Be3 O-O 11. Rc1 Rfd8 12. f4 Rac8 13. Qd3 a6 14. Kh1 Nxd4 15. Bxd4 e5 16. Be3 exf4 17. Bxf4 Qe6 18. b3 Rc5 19. Rce1 h6 20. Nd5 Nxd5 21. exd5 Qd7 22. Qg3 Kh8 23. Be3 Bg5 24. Bxc5 dxc5 25. Qh3 Qxh3 26. gxh3 Kg8 27. Kg2 b5 28. Kf3 Bf6 29. Kg4 Kf8 30. Kf5 Rd6 31. Re2 g6+ 32. Ke4 bxc4 33. bxc4 Rb6 34. Ref2 Kg7 35. a4 a5 36. Rf3 g5 37. Kf5 Bd4 38. Kg4 Bf6 39. Kh5 Rd6 40. Rxf6 Rxf6 41. Rxf6 Kxf6 42. Kxh6 Kf5 43. Kh5 Kf6 44. h4 gxh4 45. Kxh4 1-0


[Site "https://www.chess.com"]

[Event "Titled Tuesday Blitz November 16 2021"]
[White "Corrales Jimenez, Fidel"]
[Black "Czopor, Maciej"]
[WhiteFideId "3506690"]
[BlackFideId "21805431"]
[WhiteElo "2555"]
[BlackElo "1999"]
[Result "0-1"]
[Round "05"]
[TimeControl "180+1"]
[Date "2021.11.16"]
[WhiteClock "0:00:08"]
[BlackClock "0:00:09"]

1. e4 c5 2. Nf3 e6 3. d4 cxd4 4. Nxd4 Nc6 5. Nc3 Qc7 6. Be3 a6 7. Qf3 Nf6 8. O-O-O Ne5 9. Qg3 b5 10. Bxb5 Bb7 11. Bf4 Nh5 12. Bxe5 Nxg3 13. Bxc7 Nxh1 14. Rxh1 axb5 15. Ndxb5 Bc6 16. Nd6+ Ke7 17. Rd1 g5 18. Nc4 Bg7 19. Bd6+ Ke8 20. Ne5 h5 21. Nxc6 dxc6 22. e5 f6 23. exf6 Bxf6 24. Ne4 Kf7 25. a3 g4 26. c4 Kg6 27. Kc2 Kf5 28. Nxf6 Kxf6 29. Re1 Rhd8 30. c5 Ra4 31. Re3 Rda8 32. h3 R8a7 33. hxg4 hxg4 34. g3 Kf5 35. Re5+ Kf6 36. Re2 Kf5 37. Kb1 Re4 38. Rd2 Re1+ 39. Ka2 e5 40. b4 Ke4 41. b5 cxb5 42. c6 Rc1 43. c7 Rcxc7 44. Bxc7 Rxc7 45. Kb3 Kf3 46. Kb4 Rc1 47. Kxb5 Rf1 48. a4 Rxf2 49. Rxf2+ Kxf2 50. a5 e4 51. a6 e3 52. a7 e2 53. a8=Q e1=Q 54. Qa3 Qe2+ 55. Kc6 Qf3+ 56. Qxf3+ Kxf3 57. Kd5 Kxg3 58. Ke4 Kf2 59. Kf4 g3 60. Kg4 g2 61. Kh3 g1=Q 0-1


[Site "https://www.chess.com"]

[Event "Titled Tuesday Blitz November 16 2021"]
[White "De Silva, L M S T"]
[Black "Drygalov, Andrey"]
[WhiteFideId "9953698"]
[BlackFideId "24171735"]
[WhiteElo "1621"]
[BlackElo "2540"]
[Result "0-1"]
[Round "05"]
[TimeControl "180+1"]
[Date "2021.11.16"]
[WhiteClock "0:00:09"]
[BlackClock "0:00:08"]

1. Nf3 d5 2. b3 Nf6 3. Bb2 Bf5 4. e3 e6 5. d4 Be7 6. Bd3 Bxd3 7. Qxd3 O-O 8. O-O c6 9. c4 Nbd7 10. Nbd2 Bd6 11. e4 dxe4 12. Nxe4 Nxe4 13. Qxe4 Nf6 14. Qh4 h6 15. Rad1 Be7 16. Qg3 a5 17. a4 b5 18. Ne5 Qe8 19. Rfe1 bxa4 20. bxa4 Rb8 21. Bc3 Bb4 22. h3 c5 23. d5 Qxa4 24. d6 Qb3 25. Rd3 Bxc3 26. Rxc3 Qb2 27. Rf3 Qd2 28. Nd3 Nd7 29. Qh4 Rb3 30. Ree3 a4 31. Qe7 Rb7 32. Nf4 Qb2 33. Nd3 Qb1+ 34. Re1 Qb6 35. Rg3 Qd8 36. Ne5 Qxe7 37. dxe7 Re8 38. Nc6 Rc7 39. Ne5 Nxe5 40. Rxe5 Rexe7 41. Ra3 f6 42. Re2 Ra7 43. Rb2 Ra5 44. Rb5 Rxb5 45. cxb5 Rb7 46. Rxa4 Rxb5 47. Rc4 Kf7 48. Kh2 e5 49. f4 exf4 50. Rxf4 Rb7 51. Rf5 Rc7 52. Rf3 c4 53. Rc3 Ke6 54. g4 Kd5 55. Re3 Kd4 56. Re7 Rxe7 0-1


[Site "https://www.chess.com"]

[Event "Titled Tuesday Blitz November 16 2021"]
[White "Djokic, Mihailo"]
[Black "Kamsky, Gata"]
[WhiteFideId "976440"]
[BlackFideId "2000024"]
[WhiteElo "2008"]
[BlackElo "2645"]
[Result "1/2-1/2"]
[Round "05"]
[TimeControl "180+1"]
[Date "2021.11.16"]
[WhiteClock "0:00:09"]
[BlackClock "0:00:42"]

1. e4 e5 2. Nf3 Nc6 3. Nc3 Nf6 4. Bb5 Bb4 5. O-O O-O 6. d3 Bxc3 7. bxc3 d6 8. Re1 Bd7 9. d4 Re8 10. Bg5 h6 11. Bh4 a6 12. dxe5 dxe5 13. Bxf6 Qxf6 14. Qxd7 axb5 15. Qxc7 Rec8 16. Qxb7 Rcb8 17. Qd7 Rd8 18. Qg4 Ra3 19. Re3 Rda8 20. h4 Rxa2 21. Rxa2 Rxa2 22. Qc8+ Kh7 23. Qf5+ Qxf5 24. exf5 Rxc2 25. Nxe5 Nxe5 26. Rxe5 Rxc3 27. Rxb5 f6 28. g3 Kg8 29. Kg2 Rc2 30. Rb7 Rd2 31. g4 Rd4 32. Kg3 Rc4 33. f3 Rd4 34. Rc7 Rb4 35. Rd7 Rc4 36. f4 Rc3+ 37. Kf2 Ra3 38. g5 hxg5 39. fxg5 fxg5 40. hxg5 Ra5 41. Rd8+ Kf7 42. Rd7+ Kf8 43. Kg3 Rxf5 44. Kg4 Ra5 45. Rb7 1/2-1/2


[Site "https://www.chess.com"]

[Event "Titled Tuesday Blitz November 16 2021"]
[White "Durarbayli, Vasif"]
[Black "Baskin, Robert"]
[WhiteFideId "13402935"]
[BlackFideId "24662402"]
[WhiteElo "2522"]
[BlackElo "2488"]
[Result "1/2-1/2"]
[Round "05"]
[TimeControl "180+1"]
[Date "2021.11.16"]
[WhiteClock "0:00:07"]
[BlackClock "0:00:06"]

1. e4 e6 2. d4 d5 3. e5 c5 4. c3 Nc6 5. Nf3 Qb6 6. Be2 cxd4 7. cxd4 Nh6 8. Bxh6 Qxb2 9. Nc3 Qxc3+ 10. Bd2 Qb2 11. O-O a6 12. Kh1 Be7 13. a4 Qb6 14. a5 Qa7 15. Bd3 Bd7 16. Qb1 g5 17. Bxg5 Bxg5 18. Nxg5 Qxd4 19. f4 h6 20. Nf3 Qxf4 21. Qxb7 Ra7 22. Qb3 Qb4 23. Qc2 Qe7 24. Qf2 Ra8 25. Qe3 Nb4 26. Bb1 Bb5 27. Rf2 Rc8 28. h3 Qc5 29. Qxc5 Rxc5 30. Rb2 Nc6 31. Bc2 Ke7 32. Ba4 Rc8 33. Rf2 Bxa4 34. Rxa4 Rxa5 35. Rh4 Ra1+ 36. Kh2 a5 37. Rxh6 a4 38. Rc2 Na7 39. Rb2 Rc7 40. Rh8 a3 41. Rbb8 Nc6 42. Ra8 Ra7 43. Rhe8+ Kd7 44. Rxa7+ Nxa7 45. Ra8 Nc6 46. Kg3 a2 47. h4 Nb4 48. h5 Rh1 49. Ra7+ Kc6 50. Nh4 a1=Q 51. Rxa1 Rxa1 52. Kg4 Ra8 53. Kg5 Rg8+ 54. Kf6 Rg4 55. Nf3 Nd3 56. h6 Nf4 57. h7 Rg6+ 58. Kxf7 Rh6 59. Kg7 Rxh7+ 60. Kxh7 Nxg2 61. Kg6 Kc5 62. Kf6 Nf4 63. Kg5 Nd3 64. Kf6 Nf4 65. Kg5 Nd3 66. Kf6 Nxe5 67. Kxe5 Kc4 68. Nd4 Kd3 69. Nxe6 d4 70. Nxd4 1/2-1/2


[Site "https://www.chess.com"]

[Event "Titled Tuesday Blitz November 16 2021"]
[White "Ghazarian, Kirk"]
[Black "Holt, Conrad"]
[WhiteFideId "30908604"]
[BlackFideId "2034387"]
[WhiteElo "2003"]
[BlackElo "2586"]
[Result "0-1"]
[Round "05"]
[TimeControl "180+1"]
[Date "2021.11.16"]
[WhiteClock "0:01:21"]
[BlackClock "0:01:36"]

1. d4 d5 2. Bf4 c5 3. c3 Nc6 4. e3 Qb6 5. Qb3 c4 6. Qc2 Bf5 7. Qc1 e6 8. Nd2 Nf6 9. h3 Rc8 10. Ngf3 Be7 11. Be2 O-O 12. O-O Qd8 13. Ne5 Nxe5 14. dxe5 Nd7 15. Nf3 Nc5 16. Rd1 Bd3 17. Qd2 Qb6 18. b4 Ne4 19. Qb2 Bxe2 20. Qxe2 Nxc3 21. Qd2 Nxd1 22. Rxd1 c3 23. Qc2 Qxb4 24. Rd4 Qb2 25. Qd3 c2 0-1


[Site "https://www.chess.com"]

[Event "Titled Tuesday Blitz November 16 2021"]
[White "Golubev, Mikhail"]
[Black "Goltsev, Dmitry"]
[WhiteFideId "14100983"]
[BlackFideId "24176710"]
[WhiteElo "2374"]
[BlackElo "2259"]
[Result "0-1"]
[Round "05"]
[TimeControl "180+1"]
[Date "2021.11.16"]
[WhiteClock "0:00:13"]
[BlackClock "0:00:28"]

1. e4 e6 2. d4 d5 3. Nc3 Nf6 4. Bg5 dxe4 5. Nxe4 Be7 6. Nxf6+ gxf6 7. Be3 b6 8. Qf3 c6 9. Bc4 Bb7 10. Ne2 Nd7 11. Bxe6 Nf8 12. Bh3 Ng6 13. O-O-O Qc7 14. Ng3 c5 15. d5 Ne5 16. Qh5 Nc4 17. Rhe1 Qe5 18. Qxe5 fxe5 19. Nf5 Bf6 20. Bh6 Bc8 21. b3 Bxf5 22. Bxf5 Nd6 23. Bd3 O-O-O 24. f4 Rde8 25. fxe5 Rxe5 26. Rxe5 Bxe5 27. g3 b5 28. Re1 Re8 29. Bf4 Bxf4+ 30. Kd1 Rxe1+ 31. Kxe1 Be5 32. Bxh7 Kd7 33. Ke2 Ke7 34. Kf3 Kf6 35. Bd3 b4 36. h4 Nf5 37. Bxf5 Kxf5 38. g4+ Kf6 39. Ke4 Bd6 40. Kd3 Ke5 41. Kc4 a6 42. h5 Kf6 43. Kd3 Kg5 44. Ke4 f5+ 45. gxf5 Kxh5 46. f6 Kg6 47. f7 Kxf7 48. Kf5 Ke7 49. Kg6 Bh2 50. Kf5 Kd6 51. Ke4 Be5 52. Ke3 Kxd5 53. Kd3 Bd4 54. Ke2 a5 55. Kd3 c4+ 56. bxc4+ Kc5 0-1


[Site "https://www.chess.com"]

[Event "Titled Tuesday Blitz November 16 2021"]
[White "Horobetz, Graham"]
[Black "Afanasiev, Nikita"]
[WhiteFideId "2047322"]
[BlackFideId "24183555"]
[WhiteElo "2604"]
[BlackElo "2577"]
[Result "1-0"]
[Round "05"]
[TimeControl "180+1"]
[Date "2021.11.16"]
[WhiteClock "0:00:10"]
[BlackClock "0:00:05"]

1. e4 Nf6 2. e5 Nd5 3. c4 Nb6 4. d4 d6 5. exd6 cxd6 6. Nc3 g6 7. Be3 Bg7 8. Rc1 O-O 9. Bd3 Nc6 10. Nge2 Nb4 11. b3 Nxd3+ 12. Qxd3 Bf5 13. Qd2 Rc8 14. d5 Nd7 15. Nd4 Ne5 16. Nxf5 gxf5 17. h3 Ng6 18. O-O a6 19. Rfe1 e5 20. dxe6 fxe6 21. Qd3 e5 22. Rcd1 Rc6 23. b4 Kh8 24. b5 axb5 25. cxb5 e4 26. Nxe4 fxe4 27. Qxe4 Rc8 28. Qxb7 Be5 29. a4 Rc2 30. Rc1 Ra2 31. Rc7 Rxa4 32. Rxh7+ Kg8 33. Bh6 Qf6 34. Bxf8 Nxf8 35. Rc7 Rf4 36. Qd5+ Kh8 37. b6 Rxf2 38. b7 Bd4 39. Qh5+ Kg8 40. Qg4+ Kh8 41. Kh2 Be5+ 42. Rxe5 Qxe5+ 43. Qg3 Qxg3+ 44. Kxg3 Rb2 45. Rc8 Rxb7 46. Rxf8+ Kg7 47. Rd8 Rb6 48. Kf4 Kf6 49. g4 Rb4+ 50. Kg3 Ke5 51. Re8+ Kf6 52. h4 d5 53. g5+ Kf5 54. Rf8+ Kg6 55. Rf6+ Kg7 56. Rd6 Rd4 57. h5 Rd3+ 58. Kg4 Rd4+ 59. Kf5 Rh4 60. Rd7+ Kg8 61. Kg6 1-0


[Site "https://www.chess.com"]